 Dungeon Crawl Stone Soup version 0.28.0 (webtiles) character file.

Game seed: 3139792881379202187

19142 HallandMoats the Warmonger (level 12, -3/115 HPs)
             Began as a Deep Dwarf Fighter on Feb 7, 2022.
             Was a High Priest of Okawaru.
             Slain by a 14-headed hydra (11 damage)
             ... on level 1 of the Lair of Beasts.
             The game lasted 00:24:11 (11470 turns).

HallandMoats the Warmonger (Deep Dwarf Fighter)    Turns: 11470, Time: 00:24:12

Health: -3/115     AC: 14    Str: 25    XL:     12   Next: 33%
Magic:  1/1        EV: 14    Int:  9    God:    Okawaru [*****.]
Gold:   726        SH:  9    Dex: 12    Spells: 11/11 levels left

rFire   . . .      SeeInvis .   a - +5 war axe (vamp)
rCold   . . .      Faith    .   h - +3 buckler
rNeg    . . .      Spirit   .   J - +0 acid dragon scales
rPois   .          Reflect  .   i - +2 helmet
rElec   .          Harm     .   (no cloak)
rCorr   +          Rampage  .   A - +0 pair of gloves
Will    +....                   w - +0 pair of boots
Stlth   +.........              (no amulet)
HPRegen 0.00/turn               (no ring)
MPRegen 0.07/turn               (no ring)

@: no status effects
A: damage resistance, heal wounds, sense surroundings 2, no regeneration
a: Heal Wounds, Renounce Religion, Heroism, Finesse, Duel


You were on level 1 of the Lair of Beasts.
You worshipped Okawaru.
Okawaru was extremely pleased with you.
You visited 3 branches of the dungeon, and saw 14 of its levels.
You also visited: Sewer.

You collected 915 gold pieces.
You spent 189 gold pieces at shops.

Inventory:

Hand Weapons
 a - a +5 vampiric war axe (weapon)
Missiles
 G - 4 throwing nets
Armour
 h - a +3 buckler (worn)
 i - a +2 helmet (worn)
 w - a +0 pair of boots (worn)
 A - a +0 pair of gloves (worn)
 J - +0 acid dragon scales (worn)
Jewellery
 b - a ring of willpower
 y - a ring of ice
Wands
 B - a wand of digging (11)
 D - a wand of paralysis (12)
 H - a wand of polymorph (1)
Scrolls
 c - a scroll of fog
 f - 2 scrolls of enchant armour
 k - a scroll of blinking
 l - 2 scrolls of amnesia
 o - a scroll of identify
 r - a scroll of holy word
 u - 2 scrolls of teleportation
 C - 4 scrolls of silence
 E - 2 scrolls of fear
Potions
 d - 3 potions of lignification {unknown}
 e - 7 potions of curing {unknown}
 j - 2 potions of mutation {unknown}
 m - 3 potions of attraction {unknown}
 n - a potion of invisibility {unknown}
 p - a potion of magic {unknown}
 q - a potion of degeneration {unknown}
 t - a potion of ambrosia {unknown}
 v - 2 potions of brilliance {unknown}
 x - a potion of cancellation {unknown}
 z - a potion of resistance {unknown}
 I - 2 potions of berserk rage {unknown}
 K - a potion of flight {unknown}


   Skills:
 * Level 9.5 Fighting
 * Level 10.8 Axes
 + Level 8.2 Armour
 + Level 7.5 Dodging
 + Level 8.4 Shields
 * Level 12.7 Invocations


You had 11 spell levels left.
You didn't know any spells.
Your spell library contained the following spells:

 Spells                   Type           Power      Damage    Failure   Level
 Blink                    Tloc           0%         N/A       65%         2
 Sublimation of Blood     Necr           0%         N/A       65%         2
 Wereblood                Tmut           0%         N/A       65%         2
 Inner Flame              Hex/Fire       0%         N/A       87%         3
 Lesser Beckoning         Tloc           0%         N/A       87%         3
 Ozocubu's Armour         Ice            0%         N/A       87%         3
 Cause Fear               Hex            0%         N/A       99%         4
 Manifold Assault         Tloc           0%         N/A       100%        5
 Metabolic Englaciation   Hex/Ice        0%         N/A       100%        5
 Ozocubu's Refrigeration  Ice            0%         4d5       100%        7
 Discord                  Hex            0%         N/A       100%        8
 Summon Small Mammal      Summ           Unusable   N/A       N/A         1
 Call Canine Familiar     Summ           Unusable   N/A       N/A         3
 Summon Guardian Golem    Hex/Summ       Unusable   N/A       N/A         3
 Simulacrum               Ice/Necr       Unusable   N/A       N/A         6
 Summon Hydra             Summ           Unusable   N/A       N/A         7

Dungeon Overview and Level Annotations

Branches:
Dungeon (12/15)            Temple (1/1) D:7            Lair (1/6) D:10
    Orc (0/2) D:10          Sewer (visited)

Altars:
Ashenzari
Cheibriados
Dithmenos
Elyvilon
Fedhas
Gozag
Hepliaklqana
Kikubaaqudgha
Makhleb
Nemelex Xobeh
Okawaru
Qazlal
Ru
Sif Muna
Trog
Uskayaw
Vehumet
Wu Jian
Xom
Yredelemnul
Zin
The Shining One
Beogh

Shops:
D:8 *

Annotations:
D:8 1 runed translucent door, Nonny's ghost, novice VSGl


Innate Abilities, Weirdness & Mutations

You are resistant to damage.
You can heal yourself by infusing magical energy.
You passively map the area around you.
You do not regenerate.


Message History

The ten-headed hydra bites you.
Unknown command.
You hack one of the ten-headed hydra's heads off!
The nine-headed hydra grows two more!
You slash the 11-headed hydra!
The 11-headed hydra is heavily wounded.
The 11-headed hydra barely misses you. The 11-headed hydra bites you.
You block the 11-headed hydra's attack. The 11-headed hydra closely misses you.
The 11-headed hydra bites you but does no damage.
The 11-headed hydra bites you!
* * * LOW HITPOINT WARNING * * *
You block the 11-headed hydra's attack. x2; The 11-headed hydra misses you.
You block the 11-headed hydra's attack. The 11-headed hydra bites you!
* * * LOW HITPOINT WARNING * * *
You lop one of the 11-headed hydra's heads off!
The ten-headed hydra grows two more!
You hit the 12-headed hydra.
The 12-headed hydra is heavily wounded.
The 12-headed hydra bites you but does no damage.
The 12-headed hydra barely misses you.
The 12-headed hydra bites you but does no damage. x2
The 12-headed hydra misses you. The 12-headed hydra bites you!
* * * LOW HITPOINT WARNING * * *
You block the 12-headed hydra's attack.
The 12-headed hydra closely misses you. x2
The 12-headed hydra barely misses you.
The 12-headed hydra completely misses you.
The 12-headed hydra closely misses you.
Unknown command.
You chop one of the 12-headed hydra's heads off!
The 11-headed hydra grows two more!
You slash the 13-headed hydra!
You feel better.
The 13-headed hydra is heavily wounded.
You hack one of the 13-headed hydra's heads off!
The 12-headed hydra grows two more!
You hit the 14-headed hydra.
The 14-headed hydra is heavily wounded.
The 14-headed hydra bites you but does no damage.
The 14-headed hydra completely misses you.
The 14-headed hydra bites you!
* * * LOW HITPOINT WARNING * * *
The 14-headed hydra closely misses you. The 14-headed hydra barely misses you.
You block the 14-headed hydra's attack. The 14-headed hydra bites you!
You die...

.................................
..(.........>.#>..#########......
.............##..## #......
....######.####..# #...... (...##
#.# #..# #...... .....# ##.# #..#
#...... ....## #..# #..# *,,,,,,
.....# ##.####..# *,,,,,, ....##
#......@# *,,,,,, ....#
#......D## **,,,,,, ....####
#.......P# *,..,,,,
....##P###........#########.#****
............................#
...............(......####*.#
........#.####P.###...# *.#
........### #### #..## *.#####
........## #..######......


You could see a 14-headed hydra (corroded).

Vanquished Creatures
  Harold (D:8)
  A catoblepas (D:11)
  4 two-headed ogres
  The ghost of Esekla the Slasher, a novice OpWr of Gozag (D:9)
  Pikel (D:6)
  An orc knight (D:10)
  A manticore (D:11)
  A cyclops (D:9)
  Joseph (D:8)
  A gargoyle (D:10)
  A cane toad (Lair:1)
  Maggie (D:8)
  A troll (D:9)
  A meliai zombie (D:10)
  Sigmund (D:2)
  A vampire (D:11)
  2 wyverns (D:9)
  27 yaks
  A steam dragon (D:8)
  An acid dragon (D:12)
  7 water moccasins
  3 black bears (D:10)
  2 sky beasts
  13 orc warriors
  3 ice beasts
  A necrophage (D:6)
  An ogre (D:4)
  6 centaurs
  3 kobold brigands
  A gnoll sergeant (D:11)
  5 bullfrogs
  4 scorpions
  A water moccasin zombie (D:5)
  7 killer bees
  4 wights (D:9)
  7 howler monkeys
  3 bullfrog zombies
  5 hounds
  2 centaur skeletons
  3 centaur zombies
  3 jellies
  12 orc priests
  A bullfrog skeleton (D:5)
  Jessica (D:3)
  3 gnoll shamans
  4 iguanas
  15 orc wizards
  2 scorpion zombies (D:5)
  A hound zombie (D:3)
  2 hound skeletons
  Robin (D:3)
  23 gnolls
  2 river rats (Sewer)
  6 adders
  2 white imps
  2 ufetubi
  An adder zombie (D:5)
  2 dart slugs
  73 orcs
  5 ball pythons
  4 endoplasms
  7 giant cockroaches
  18 goblins
  17 hobgoblins
  5 jackals
  6 quokkas
  6 bats
  8 frilled lizards
  17 kobolds
  12 rats
392 creatures vanquished.

Vanquished Creatures (others)
  An orc wizard (D:6)
  40 fungi
  45 plants
  A withered plant (D:5)
87 creatures vanquished.

Grand Total: 479 creatures vanquished

Notes
Turn   | Place    | Note
-------+----------+-------------------------------------------
     0 | D:1      | HallandMoats the Deep Dwarf Fighter began the quest for the
                  | Orb.
     0 | D:1      | Reached XP level 1. HP: 20/20 MP: 1/1
   122 | D:1      | Reached skill level 1 in Invocations
   122 | D:1      | Reached XP level 2. HP: 27/27 MP: 2/2
   855 | D:2      | Reached XP level 3. HP: 30/34 MP: 4/4
  1040 | D:2      | Noticed Sigmund
  1048 | D:2      | Reached skill level 1 in Dodging
  1048 | D:2      | Killed Sigmund
  1049 | D:2      | Reached skill level 3 in Invocations
  1049 | D:2      | Reached XP level 4. HP: 28/43 MP: 4/6
  1049 | D:2      | Reached XP level 5. HP: 31/49 MP: 4/7
  1419 | D:2      | Identified the +3 mace of the Shining Light {vorpal,
                  | Fragile rElec Int+2}
  1522 | D:3      | Noticed Robin
  1534 | D:3      | Reached XP level 6. HP: 22/57 MP: 8/8
  1545 | D:3      | Killed Robin
  1617 | D:3      | Noticed Jessica
  1630 | D:3      | Killed Jessica
  1801 | D:3      | Reached skill level 4 in Invocations
  2104 | D:4      | Reached XP level 7. HP: 44/64 MP: 9/9
  2260 | D:4      | Found a glowing drain.
  2264 | Sewer    | Entered a sewer
  3014 | D:5      | Entered Level 5 of the Dungeon
  3082 | D:5      | Reached skill level 5 in Invocations
  3158 | D:5      | Reached skill level 5 in Axes
  3167 | D:5      | Reached XP level 8. HP: 63/73 MP: 10/10
  3304 | D:5      | Reached skill level 5 in Fighting
  3361 | D:5      | Reached skill level 6 in Invocations
  3416 | D:5      | Reached skill level 5 in Shields
  3561 | D:6      | Reached skill level 5 in Armour
  3636 | D:6      | Reached skill level 7 in Invocations
  3636 | D:6      | Gained mutation: You passively map the area around you.
                  | [Deep Dwarf growth]
  3636 | D:6      | Reached XP level 9. HP: 32/82 MP: 12/12
  3897 | D:6      | Reached skill level 8 in Invocations
  3991 | D:6      | HP: 1/84 [orc warrior (7)]
  3993 | D:6      | Noticed Pikel
  4034 | D:6      | Killed Pikel
  4035 | D:6      | Reached skill level 5 in Dodging
  4271 | D:7      | Found a staircase to the Ecumenical Temple.
  4809 | D:7      | Reached XP level 10. HP: 70/92 MP: 11/11
  4850 | Temple   | Entered the Ecumenical Temple
  5045 | Temple   | Became a worshipper of Warmaster Okawaru
  5314 | D:7      | Reached skill level 9 in Invocations
  5740 | D:8      | Found a runed translucent door.
  5741 | D:8      | Noticed a two-headed ogre
  5741 | D:8      | Noticed Nonny's ghost (novice VSGl)
  5842 | D:8      | Reached * piety under Okawaru
  5978 | D:8      | Noticed Maggie
  6016 | D:8      | Killed Maggie
  6157 | D:8      | Noticed Joseph
  6171 | D:8      | Killed Joseph
  6297 | D:8      | Noticed Harold
  6335 | D:8      | Killed Harold
  6336 | D:8      | Reached skill level 10 in Invocations
  6346 | D:8      | Reached ** piety under Okawaru
  6432 | D:8      | Found Anyodghe's Assorted Antiques.
  6437 | D:8      | Bought a potion of heal wounds for 105 gold pieces
  6437 | D:8      | Bought a potion of might for 84 gold pieces
  6663 | D:9      | Noticed a two-headed ogre
  6697 | D:9      | Killed a two-headed ogre
  6697 | D:9      | Reached *** piety under Okawaru
  6698 | D:9      | Reached XP level 11. HP: 22/103 MP: 11/11
  7009 | D:9      | Found a runed translucent gate.
  7010 | D:9      | Found a runed translucent gate.
  7010 | D:9      | Found a runed translucent gate.
  7011 | D:9      | Found an opulent altar of Gozag.
  7013 | D:9      | Noticed Esekla's ghost (novice OpWr)
  7013 | D:9      | Noticed a two-headed ogre
  7385 | D:9      | Killed Esekla's ghost
  7386 | D:9      | Reached skill level 11 in Invocations
  7388 | D:9      | Killed a two-headed ogre
  7388 | D:9      | Reached **** piety under Okawaru
  7460 | D:10     | Entered Level 10 of the Dungeon
  7482 | D:10     | Noticed an orc knight
  7855 | D:10     | Killed an orc knight
  7951 | D:10     | Reached ***** piety under Okawaru
  7959 | D:10     | Reached skill level 10 in Axes
  8091 | D:10     | Found a staircase to the Lair.
  8228 | D:10     | Reached skill level 12 in Invocations
  8244 | D:10     | Found a staircase to the Orcish Mines.
  8538 | D:10     | Noticed a two-headed ogre
  8551 | D:10     | Killed a two-headed ogre
  8846 | D:10     | Found a hide-covered altar of Uskayaw.
  8969 | D:11     | Noticed a catoblepas
  9223 | D:11     | Reached XP level 12. HP: 82/114 MP: 5/5
  9371 | D:11     | Noticed a two-headed ogre
  9388 | D:11     | Killed a two-headed ogre
  9388 | D:11     | Received a gift from Okawaru
  9858 | D:11     | Killed a catoblepas
 10610 | D:12     | Noticed a death knight
 10956 | Lair:1   | Entered Level 1 of the Lair of Beasts
 11048 | Lair:1   | Noticed a seven-headed hydra
 11211 | Lair:1   | Noticed a five-headed hydra
 11470 | Lair:1   | Slain by a 14-headed hydra

Illustrated notes

Levels and vault maps discovered:
D:1:      ebering_hopf_link, layout_basic
D:2:      kennysheep_six_static_rooms, layout_basic, minivault_23, uniq_sigmund
D:3:      layout_basic, uniq_jessica, uniq_robin
D:4:      layout_rooms, gup_sewer_entry_bowl
D:5:      layout_rooms, serial_undead, serial_undead_e, serial_undead_a,
          serial_undead_f, serial_undead_c
D:6:      layout_basic, minivault_23, minmay_a_box_with_orc_wizards_in_it,
          uniq_pikel
D:7:      layout_cave_pods, minmay_temple_entry_arrows
D:8:      layout_loops_cross, serial_shops, shop_statue,
          ebering_ghost_inner_flame, uniq_harold, uniq_maggie, uniq_joseph
D:9:      minmay_klotski, layout_long_grid, ebering_ghost_gozag,
          grunt_ministairs_13
D:10:     layout_basic, nicolae_uskayaw_dance_hall, due_lair_maze_entry_diamond,
          hiddenorc2_lemuel, grunt_ministairs_8
D:11:     nzn_motion_control, layout_cave_pods, special_room [special_room_orc]
D:12:     layout_roguey [special_room_orc], enter_trove_6, the_hattery
Temple:   minmay_crystal_snake_temple
Lair:1:   layout_chaotic_city, chequers_serial_rivers_micro_a

Skill      XL: |  1  2  3  4  5  6  7  8  9 10 11 12 |
---------------+-------------------------------------+-----
Invocations    | 1 3 4 5 7 8 10 12 | 12.7
Fighting       | 3 4 5 6 8 9 |  9.5
Dodging        | 1 2 3 4 5 6 7 |  7.5
Axes           | 3 4 5 6 7 9 10 | 10.8
Shields        | 4 5 6 7 8 |  8.4
Armour         | 4 5 6 7 8 |  8.2

Action                   |  1- 3 |  4- 6 |  7- 9 | 10-12 || total
-------------------------+-------+-------+-------+-------++-------
Melee: War axe           |    96 |    25 |       |    42 ||   163
       Mace              |       |   120 |   432 |   266 ||   818
       Hand axe          |       |       |       |   658 ||   658
Invok: Heroism           |       |       |       |     6 ||     6
 Abil: Heal Wounds       |       |     3 |    15 |    58 ||    76
Evoke: Wand              |       |       |       |    15 ||    15
  Use: Potion            |     1 |       |       |     5 ||     6
       Scroll            |       |       |       |    21 ||    21
Armor: Scale mail        |    46 |    61 |   233 |    92 ||   432
       Acid dragon scale |       |       |       |   318 ||   318
Dodge: Dodged            |    45 |    75 |   274 |   526 ||   920
Block: Buckler           |    23 |    54 |   163 |   404 ||   644
